Cogmind - Beta 13 @@@ ROGUE MODE // 2024.03.31 @ 12:55:39 Player: kitty Result: Destroyed by L-41 Fighter with Axe Performance ------------- Evolutions (1) 500 Regions Visited (6) 1200 Robots Destroyed (44) 220 Value Destroyed (1021) 1021 Prototype IDs (1) 20 Alien Tech Used (0) 0 Bonus (670) 670 TOTAL SCORE: 3631 Bonus ------- Follower Combat Kills 194 Met Imprinter 300 Was Imprinted 300 Friendly Fire -124 Cogmind --------- Core Integrity 0/400 Matter 253/300 Energy 95/100 System Corruption 12% Temperature Cool (5) Movement Core (400) Ox7 Location -6/Proximity Caves Parts ------- > --- POWER (1) -------- (None) > --- PROPULSION (4) --- (None) > --- UTILITY (2) ------ Large Storage Unit > --- WEAPON (2) ------- Ripper > --- INVENTORY (15) --- Improved Heat Sink Medium Matter Pod (100) Improved Signal Interpreter Terrain Scanner Recoil Stabilizer Improved Particle Charger Hacking Drone Bay (1/1) Pulse Rifle Magnetic Acceleration Cannon Mini Grenade Launcher Mining Laser Chainsword Peak State ------------ > --- POWER ------------ Light Nuclear Core > --- PROPULSION ------- Light Treads Improved Treads Improved Aluminum Leg Armored Wheel > --- UTILITY ---------- Large Storage Unit Hacking Drone Bay > --- WEAPON ----------- EM Pulse Gun Mini Grenade Launcher > --- INVENTORY -------- Nuclear Core Improved Heat Sink Medium Matter Pod Structural Scanner Improved Signal Interpreter Terrain Scanner Recoil Stabilizer Pulse Rifle Beam Cannon Mini Grenade Launcher Heavy Rocket Launcher Mining Laser Heavy Flail Chainsword Ripper [Rating: 26] Favorites ----------- Power Light Nuclear Core Engine Light Ion Engine Power Core Light Nuclear Core Propulsion Armored Wheel Treads Light Treads Leg Improved Aluminum Leg Wheel Armored Wheel Utility Large Storage Unit Device Structural Scanner Storage Large Storage Unit Processor Improved Targeting Computer Weapon EM Pulse Gun Energy Gun EM Pulse Gun Energy Cannon Beam Cannon Ballistic Gun Heavy Assault Rifle Launcher Mini Grenade Launcher Special Weapon Mining Laser Impact Weapon Heavy Flail Slashing Weapon Ripper Build | -11 -10 -10 -9 -9 -7 -6 ------- Run | Yrd Mat Min Mat Min Zio Pro Slots Evolved 2 | . . . 2 . . . Power . | . . . . . . . Propulsion 2 | . . . 2 . . . Utility . | . . . . . . . Weapon . | . . . . . . . Parts Attached 59 | 4 8 4 24 9 2 8 Power 8 | 1 1 . 4 1 . 1 Engine 6 | 1 1 . 4 . . . Core 2 | . . . . 1 . 1 Reactor . | . . . . . . . Propulsion 22 | 2 2 . 11 5 . 2 Treads 3 | . . . . 2 . 1 Leg 11 | 2 . . 6 2 . 1 Wheel 8 | . 2 . 5 1 . . Hover . | . . . . . . . Flight . | . . . . . . . Utility 7 | . 4 1 . . 2 . Device 5 | . 2 1 . . 2 . Storage 1 | . 1 . . . . . Processor 1 | . 1 . . . . . Hackware . | . . . . . . . Protection . | . . . . . . . Artifact . | . . . . . . . Weapon 22 | 1 1 3 9 3 . 5 Energy Gun 4 | 1 . . 1 1 . 1 Energy Cannon 1 | . . . 1 . . . Ballistic Gun 6 | . . 1 5 . . . Ballistic Cannon . | . . . . . . . Launcher 7 | . 1 1 2 1 . 2 Special Weapon 1 | . . 1 . . . . Impact Weapon 1 | . . . . . . 1 Slashing Weapon 2 | . . . . 1 . 1 Piercing Weapon . | . . . . . . . Special Melee Weapon . | . . . . . . . Unidentified Prototypes 1 | . . . . . 1 . Corrupted Parts 1 | . . . . . . 1 System Corruption 11 | . . . . . . 11 Parts Lost 15 | . . . 5 2 . 8 Power 3 | . . . 1 1 . 1 Propulsion 6 | . . . 1 1 . 4 Utility 1 | . . . . . . 1 Weapon 5 | . . . 3 . . 2 Highest Loss Streak 8 | . . . 4 5 . 8 To Critical Strikes . | . . . . . . . Average Slot Usage (%) 99 | . 97 99 98 98 100 98 Engine 4 | . 14 14 11 . . . Core 7 | . . . . 10 11 11 Treads 14 | . . . . 19 22 25 Leg 11 | . 2 . 24 13 11 10 Wheel 14 | . 24 28 18 10 11 6 Device 11 | . 13 14 11 11 11 10 Storage 11 | . 11 14 11 11 11 11 Energy Gun 8 | . 14 6 . 9 11 10 Ballistic Gun 2 | . . 5 10 . . . Launcher 11 | . 13 13 10 11 11 10 Naked Turns . | . . . . . . . Heaviest Build 36 | 5 29 29 33 30 29 36 Greatest Support 63 | 20 24 24 52 48 43 63 Greatest Overweight (x) 2 | . 1 1 1 2 2 . Average Overweight (x) . | . . 1 . . . . Largest Inventory Capacity 15 | 5 15 15 15 15 15 15 Average Capacity 14 | 5 13 15 15 15 15 15 Most Carried 15 | 2 7 15 15 14 15 15 Average Carried 12 | . 4 9 14 13 14 14 Final Capacity 15 | 5 15 15 15 15 15 15 Final Carried 15 | 2 7 15 13 14 15 12 Class Distribution -------------------- 97% | Mutant Dominant Class ---------------- Mutant | -10/Materials Mutant | -10/Mines Mutant | -9/Materials Mutant | -9/Mines Mutant | -7/Zion Mutant | -6/Proximity Caves Resources | -11 -10 -10 -9 -9 -7 -6 ----------- Run | Yrd Mat Min Mat Min Zio Pro Matter Collected 1207 | 240 . 269 350 181 87 80 Remotely . | . . . . . . . Salvage Created 849 | 44 . 73 458 73 . 201 Parts 77 | 3 . 6 47 15 . 6 Haulers Intercepted 1 | . . . 1 . . . Recyclers Shooed . | . . . . . . . Parts Field Recycled . | . . . . . . . Retrieved Matter . | . . . . . . . Parts Self-Destructed 24 | . . . . . 7 17 Prevented 3 | . . . . . . 3 Kills | -11 -10 -10 -9 -9 -7 -6 ------- Run | Yrd Mat Min Mat Min Zio Pro Combat Hostiles Destroyed 34 | 1 . 4 17 7 . 5 Melee 1 | . . . . 1 . . Guns 5 | 1 . 1 3 . . . AOE 28 | . . 3 14 6 . 5 Classes Destroyed 11 | 1 . 2 7 1 . . Worker 1 | . . . . 1 . . Builder 3 | . . . 2 1 . . Tunneler 2 | . . 1 1 . . . Hauler 1 | . . . 1 . . . Recycler 1 | . . . 1 . . . Watcher 2 | . . . 2 . . . Swarmer 15 | . . 2 6 7 . . Grunt 14 | 1 . 2 7 . . 4 Brawler 2 | . . . 1 . . 1 Duelist 1 | . . . 1 . . . Sentry 2 | . . . 2 . . . Best Kill Streak 13 | 1 . 3 13 4 . 5 Combat Bots Only 6 | 1 . 2 6 4 . 5 Max Kills in Single Turn 5 | 1 . 2 5 3 . 1 Gunslinging . | . . . . . . . Exploded 5 | . . 2 5 3 . 1 Melee 1 | . . . . 1 . . Uniques/NPCs Destroyed . | . . . . . . . Combat | -11 -10 -10 -9 -9 -7 -6 -------- Run | Yrd Mat Min Mat Min Zio Pro Hostile Shots Fired 252 | 3 13 16 117 21 . 82 Missed 104 | 1 6 6 54 7 . 30 Damage Taken 2448 | 22 50 103 842 120 . 1311 Core 429 | 11 . 18 76 16 . 308 Absorbed by Shields . | . . . . . . . Regen/Repaired (Parts) 56 | . . . 44 . 12 . Core Remaining (%) 91 | 95 . 88 . . . . Volleys Fired 78 | 3 . 17 42 7 . 9 Largest 2 | 1 . 2 2 1 . 1 Hottest 100 | 40 . 100 86 40 . 63 Shots Fired 96 | 3 . 20 56 7 . 10 Gun 55 | 3 . 10 34 4 . 4 Cannon 3 | . . . 3 . . . Launcher 32 | . . 4 19 3 . 6 Special 6 | . . 6 . . . . Kinetic 38 | . . 9 29 . . . Thermal 18 | . . 6 8 . . 4 Explosive 32 | . . 4 19 3 . 6 Electromagnetic 8 | 3 . 1 . 4 . . Robot Hit Streak 7 | 2 . 4 7 2 . 2 Robot Miss Streak 3 | 1 . 1 3 1 . 1 Penetration Max . | . . . . . . . Secondary Targets . | . . . . . . . Shots Hit Robots 43 | 2 . 6 24 5 . 6 Core Hits 71 | 1 . 8 35 8 . 19 Critical Kills . | . . . . . . . Critical Parts Destroyed 1 | . . . 1 . . . Critical Strikes 1 | . . . 1 . . . Destroy 1 | . . . 1 . . . Melee Attacks 7 | . . . . 4 . 3 Impact 2 | . . . . . . 2 Slashing 5 | . . . . 4 . 1 Piercing . | . . . . . . . Sneak Attacks . | . . . . . . . Combat Hostiles . | . . . . . . . Follow-up Attacks . | . . . . . . . Damage Inflicted 3712 | 28 . 370 1667 552 . 1095 Guns 475 | 28 . 53 297 25 . 72 Cannons 17 | . . . 17 . . . Explosions 3033 | . . 317 1337 432 . 947 Melee 152 | . . . . 76 . 76 Ramming 35 | . . . 16 19 . . Kinetic 256 | . . 41 215 . . . Thermal 171 | . . . 99 . . 72 Explosive 3033 | . . 317 1337 432 . 947 Electromagnetic 65 | 28 . 12 . 25 . . Impact 45 | . . . . . . 45 Slashing 107 | . . . . 76 . 31 Piercing . | . . . . . . . Highest Corruption 12 | . . . . . . 12 Average Corruption 5 | . . . . . . 5 Corruption Purged . | . . . . . . . Corruption Blocked . | . . . . . . . Effects 14 | . . . . . . 14 Matter Fused 3 | . . . . . . 3 Heat Flow Errors 1 | . . . . . . 1 Energy Discharges 1 | . . . . . . 1 Parts Rejected 1 | . . . . . . 1 Data Loss (minor) 4 | . . . . . . 4 Data Loss (major) 1 | . . . . . . 1 Misfires 1 | . . . . . . 1 Misdirections 2 | . . . . . . 2 Overload Shots . | . . . . . . . Overflow Damage 35 | . . 9 . 23 . 3 Projectiles . | . . . . . . . Explosions 12 | . . 9 . . . 3 Melee 23 | . . . . 23 . . Knockbacks . | . . . . . . . Impact . | . . . . . . . Kinetic . | . . . . . . . Secondary . | . . . . . . . Self-Inflicted Damage 57 | . . . 17 . . 40 Shots 3 | . . . 2 . . 1 Rammed 3 | . . . . 3 . . Targets Rammed 4 | . . . 1 3 . . Kicked 1 | . . . 1 . . . Crushed . | . . . . . . . Highest Temperature 87 | 12 . 20 75 . . 87 Average Temperature 19 | 9 . 12 26 . . 18 Received Heat Transfer 633 | 12 . 21 258 . . 342 Siege Activations . | . . . . . . . Robots Corrupted . | . . . . . . . Combat Hostiles . | . . . . . . . Parts Fried . | . . . . . . . Impact Corruptions . | . . . . . . . Robots Melted . | . . . . . . . Combat Hostiles . | . . . . . . . Parts Melted . | . . . . . . . Heat Transferred 370 | . . . 222 . . 148 Parts Sabotaged . | . . . . . . . Parts Stolen . | . . . . . . . Parts Stripped . | . . . . . . . Power Chain Reactions . | . . . . . . . Alert | -11 -10 -10 -9 -9 -7 -6 ------- Run | Yrd Mat Min Mat Min Zio Pro Peak Influence 382 | 20 15 134 382 331 . . Initial 141 | . 13 5 . 141 . . Average 106 | 4 11 33 160 156 . . Maximum Alert Level 1 | . . . 1 1 . . Low Security (%) 81 | 100 100 100 74 65 . . Level 1 18 | . . . 25 34 . . Level 2 . | . . . . . . . Level 3 . | . . . . . . . Level 4 . | . . . . . . . Level 5 . | . . . . . . . High Security . | . . . . . . . Max Security . | . . . . . . . Squads Dispatched 7 | . 2 1 3 . . 1 Investigation 4 | . 2 1 1 . . . Extermination . | . . . . . . . Reinforcement 2 | . . . 2 . . . Assault 1 | . . . . . . 1 Garrison . | . . . . . . . Intercept . | . . . . . . . Searches Triggered . | . . . . . . . Construction Impeded 1 | . . . 1 . . . Haulers Reinforced . | . . . . . . . Active Scanning Responses . | . . . . . . . Cargo Convoy Interrupts . | . . . . . . . Stealth | -11 -10 -10 -9 -9 -7 -6 --------- Run | Yrd Mat Min Mat Min Zio Pro Distress Signals 3 | . . . 3 . . . Communications Jammed . | . . . . . . . Distress Signals . | . . . . . . . Times Spotted 66 | 1 4 7 24 7 . 23 Peak Tracking Total 17 | 1 4 3 7 4 . 17 Tactical Retreats 5 | . . . 2 . . 3 Traps | -11 -10 -10 -9 -9 -7 -6 ------- Run | Yrd Mat Min Mat Min Zio Pro Traps Triggered 6 | . 2 . 4 . . . Indirectly . | . . . . . . . Trap Hack Attempts . | . . . . . . . Triggered . | . . . . . . . Disarmed . | . . . . . . . Reprogrammed . | . . . . . . . Reused . | . . . . . . . Traps Extracted . | . . . . . . . Installed . | . . . . . . . Triggered 1 | . . . . . . 1 Machines | -11 -10 -10 -9 -9 -7 -6 ---------- Run | Yrd Mat Min Mat Min Zio Pro Machines Disabled 6 | . . . 5 1 . . Max in Single Turn 2 | . . . 2 1 . . Machines Repaired . | . . . . . . . Machines Dismantled . | . . . . . . . Machines Sabotaged . | . . . . . . . Overloaded Fab Kills . | . . . . . . . Hacking | -11 -10 -10 -9 -9 -7 -6 --------- Run | Yrd Mat Min Mat Min Zio Pro Machines Accessed 5 | . 1 1 2 . 1 . Terminals . | . . . . . . . Fabricators . | . . . . . . . Repair Stations 1 | . . . 1 . . . Recycling Units 1 | . 1 . . . . . Scanalyzers 1 | . . . 1 . . . Garrison Access . | . . . . . . . Total Hacks 15 | . 4 1 8 . 2 . Successful 14 | . 3 1 8 . 2 . Failed 1 | . 1 . . . . . Catastrophic . | . . . . . . . Database Lockouts . | . . . . . . . Manual 1 | . . . . . 1 . Terminals . | . . . . . . . Fabricators . | . . . . . . . Repair Stations 2 | . . . 2 . . . Recycling Units 4 | . 4 . . . . . Scanalyzers 6 | . . . 6 . . . Garrison Access . | . . . . . . . Terminal Hacks 3 | . . 1 . . 2 . Part Schematic 2 | . . . . . 2 . Open Door 1 | . . 1 . . . . Fabricator Hacks . | . . . . . . . Repair Station Hacks 2 | . . . 2 . . . Scan Component 1 | . . . 1 . . . Repair 1 | . . . 1 . . . Recycling Unit Hacks 3 | . 3 . . . . . Recycle Component 1 | . 1 . . . . . Process 1 | . 1 . . . . . Report Inventory 1 | . 1 . . . . . Scanalyzer 6 | . . . 6 . . . Insert Component 3 | . . . 3 . . . Analyze 3 | . . . 3 . . . Garrison Access Hacks . | . . . . . . . Unauthorized Hacks . | . . . . . . . Terminals . | . . . . . . . Fabricators . | . . . . . . . Repair Stations . | . . . . . . . Recycling Units . | . . . . . . . Scanalyzers . | . . . . . . . Garrison Access . | . . . . . . . Data Cores Recovered . | . . . . . . . Used . | . . . . . . . Hacking Detections 3 | . 1 . 2 . . . Full Trace Events 2 | . 1 . 1 . . . Feedback Events . | . . . . . . . Feedback Blocked . | . . . . . . . Robot Schematics Acquired 2 | . . . . . 2 . Robots Built . | . . . . . . . Authchips . | . . . . . . . Time . | . . . . . . . Total Robot Build Rating . | . . . . . . . Part Schematics Acquired 19 | . . . 3 . 16 . Parts Built . | . . . . . . . Authchips . | . . . . . . . Time . | . . . . . . . Total Part Build Rating . | . . . . . . . Parts Repaired 1 | . . . 1 . . . Time 26 | . . . 26 . . . Parts Recycled 1 | . 1 . . . . . Recycled Matter 35 | . 35 . . . . . Retrieved Matter . | . . . . . . . Retrieved Components . | . . . . . . . Parts Scanalyzed 3 | . . . 3 . . . Part Schematics Acquired 3 | . . . 3 . . . Parts Damaged . | . . . . . . . Bothacking | -11 -10 -10 -9 -9 -7 -6 ------------ Run | Yrd Mat Min Mat Min Zio Pro Used RIF Installer . | . . . . . . . Robots Hacked . | . . . . . . . Non-combat . | . . . . . . . Combat . | . . . . . . . Robot Hacks Applied . | . . . . . . . Relay Couplers Released . | . . . . . . . Fabnet Peak Effective % . | . . . . . . . Robots Rewired . | . . . . . . . Allies Hacked . | . . . . . . . Hacks Repelled . | . . . . . . . Allies | -11 -10 -10 -9 -9 -7 -6 -------- Run | Yrd Mat Min Mat Min Zio Pro Total Allies 10 | . . 3 . . 7 . Largest Group 7 | . . 3 . . 7 7 Highest-Rated Group 234 | . . 40 . . 234 234 Highest-Rated Ally 40 | . . 16 . . 40 40 Total Orders 4 | . . 4 . . . . FOLLOW 2 | . . 2 . . . . GUARD 2 | . . 2 . . . . Ally Attacks 67 | . . 13 . . . 54 Total Damage 1241 | . . 129 . . . 1112 Kills 13 | . . 5 . . . 8 Allies Corrupted 1 | . . . . . . 1 Allies Melted . | . . . . . . . Intel | -11 -10 -10 -9 -9 -7 -6 ------- Run | Yrd Mat Min Mat Min Zio Pro Robot Analysis Total . | . . . . . . . Derelict Logs Recovered 8 | . . 1 . 3 2 2 Drone Launches . | . . . . . . . Drone Recoveries . | . . . . . . . Exploration | -11 -10 -10 -9 -9 -7 -6 ------------- Run | Yrd Mat Min Mat Min Zio Pro Turns Passed 7185 | 86 508 810 1067 1148 2921 645 Spaces Moved 4227 | 72 243 680 501 697 1658 376 Core 20 | 20 . . . . . . Treads 2598 | . . . . 637 1585 376 Legs 470 | 52 36 . 274 35 73 . Wheels 1139 | . 207 680 227 25 . . Hover . | . . . . . . . Flight . | . . . . . . . Fastest Speed 50 | 50 90 105 90 120 160 160 Average Speed 141 | 100 105 105 107 156 164 160 Slowest Speed 260 | 120 120 105 190 260 260 160 Overloaded Moves . | . . . . . . . Propulsion Burnouts . | . . . . . . . Robots Hopped . | . . . . . . . Cave-ins Triggered . | . . . . . . . Exploration Rate (%) 60 | 6 48 98 31 99 91 52 Regions Visited 6 Branch Regions 4 Pre-discovered Areas 4 | . . . . 2 2 . Known Exits Taken 1 | . . . . . 1 . Unknown Exits Taken 5 | 1 1 1 1 1 . . Scrap Searched 5 | . . 1 . 1 2 1 Spaces Dug 6 | . . 6 . . . . Terrain Destroyed 216 | . . 33 104 30 . 49 Melee . | . . . . . . . Projectile 6 | . . 6 . . . . AOE 210 | . . 27 104 30 . 49 Terrain Rammed . | . . . . . . . Walls Destroyed . | . . . . . . . Machines Disabled . | . . . . . . . Actions | -11 -10 -10 -9 -9 -7 -6 --------- Run | Yrd Mat Min Mat Min Zio Pro Total 5294 | 81 493 746 974 738 1855 407 Wait 853 | . 231 31 388 13 185 5 Move 4221 | 71 242 679 500 696 1657 376 Hop . | . . . . . . . Pick Up 37 | 3 5 12 8 2 5 2 Fast Attach 23 | 3 7 . 8 2 1 2 Attach 18 | 1 1 1 7 5 . 3 Detach 11 | . 5 . 1 4 1 . Swap 18 | . . 3 9 2 1 3 Drop 24 | . 2 3 10 . 5 4 Fire 78 | 3 . 17 42 7 . 9 Melee 7 | . . . . 4 . 3 Ram . | . . . . . . . Kick 1 | . . . 1 . . . Crush 3 | . . . . 3 . . Escape Stasis . | . . . . . . . Rewire . | . . . . . . . Trap . | . . . . . . . Miscellaneous . | . . . . . . . Route ------- -11/Scrapyard -10/Materials -10/Mines (discovered 2 exits: *Mat x2) -9/Materials (discovered 2 exits: [*Min x2]) -9/Mines (discovered 4 exits: [*Mat x2] / [*Exi] / *Zio) -7/Zion -6/Proximity Caves History --------- Turn | Location | Event 2 | -11/Scrapyard | Met Revision 17 60 | -11/Scrapyard | Discovered new exit (range 8) 87 | -11/Scrapyard | Entered Materials 191 | -10/Materials | Discovered new exit (range 9) 301 | -10/Materials | Build established: Mutant 595 | -10/Materials | Entered Mines 707 | -10/Mines | Assisted by bots powering up and referring to "LRC-V3" 876 | -10/Mines | Assembled infested the area 881 | -10/Mines | Assisted by a Guerilla fighting off Assembled 1253 | -10/Mines | Discovered new exit (range 5) 1289 | -10/Mines | Discovered new exit (range 9) 1297 | -10/Mines | Received a Rocket Launcher from a helpful Derelict 1360 | -10/Mines | Met a Derelict shopkeep closing up shop 1362 | -10/Mines | Learned Materials garrison access intel 1405 | -10/Mines | Entered Materials 1405 | -9/Materials | Evolved 2 slots: Propulsion x2 1521 | -9/Materials | Repaired Lgt. Treads 1577 | -9/Materials | Discovered new exit (range 12) 2398 | -9/Materials | Discovered new exit (range 16) 2472 | -9/Materials | Entered Mines 2504 | -9/Mines | Lost 5 parts (2p1n2w) 2508 | -9/Mines | A weapon hastily lodged in a ceiling crevice suddenly fell to the ground 2961 | -9/Mines | Deemed a non-threat by the Exiles lab entrance 2961 | -9/Mines | Discovered new exit (range 5) 3070 | -9/Mines | Discovered new exit (range 8) 3122 | -9/Mines | A Derelict revealed a hidden shortcut to a safe place 3147 | -9/Mines | Discovered new exit (range 15) 3235 | -9/Mines | Learned location of Storage (-8) 3620 | -9/Mines | Entered Zion 4478 | -7/Zion | Identified exit to Proximity Caves 4534 | -7/Zion | Gained Derelict followers 5141 | -7/Zion | Imprinted 5143 | -7/Zion | Declared Zion's savior 5694 | -7/Zion | Given A8's code to call for help 5806 | -7/Zion | Given the Hacking Drone Bay 5807 | -7/Zion | Found Prototype Device 5807 | -7/Zion | Identified Hacking Drone Bay 6541 | -7/Zion | Entered Proximity Caves 6541 | -6/Proximity Caves | Accompanied by 7 allies 6685 | -6/Proximity Caves | Spotter reported a threat 6718 | -6/Proximity Caves | Learned Factory terminal intel 6742 | -6/Proximity Caves | Learned location of 1 exit from Factory 6936 | -6/Proximity Caves | System corruption reached 10% 7131 | -6/Proximity Caves | Attracted the attention of an 0b10 outpost 7175 | -6/Proximity Caves | Core integrity fell below 50% 7184 | -6/Proximity Caves | Lost 5 allies 7186 | -6/Proximity Caves | Core integrity fell below 20% 7186 | -6/Proximity Caves | Destroyed by L-41 Fighter with Axe Last Messages --------------- 07168_ G-50 Soldier destroyed. 07170_ Structural Scanner destroyed. 07170_ G-50 Soldier IFF system glitched. 07174_ System corrupted: Lgt. Nuclear Core rejected. 07174_ Lgt. Treads destroyed. 07177_ Penetrated by Slug. 07177_ Carbon-fiber Leg destroyed. 07180_ Imp. Treads destroyed. 07180_ B-48 Gladiator destroyed. 07181_ Acquired 50 matter. 07181_ Hvy. Flail severed. 07181_ G-50 Soldier suffers critical hit (Burn). 07183_ Penetrated by Slug. 07183_ Nuclear Core destroyed. 07185_ Knocked back. 07186_ Adv. Heat Sink fries itself beyond repair. 07186_ Penetrated by Slug. 07186_ G-50 Soldier destroyed. 07186_ Mni. Grenade Launcher destroyed. [Achievement: First Step to Greatness] Map ----- +----------------------------------------------------+ | ?????????????????????? ??????????????????? | | ?????????????????????? ??????????????????? | | ??????????????????????## ??????????????????? | | ??????????????????????## % ??????????????????? | | ????????????????????? ### % ##???????????????? | | ????????????????????? ## ###???????????????? | | ????????????????????? # ##???????????????? | | ????????????????????? ## ##???????????????? | | ??????????????????????## % ##???????????????? | | ??????????????????????## ###??????????????? | | ??????????????????????## %*%=#### # ?????????? | | ????????????????????????## %[ ### # ?????????? | | ???????????????????????#### "%" # ?????????? | | ???????????????????????## %* #### # ?????????? | | ???????????????????????# g ### # ?????????? | | ???????????????????????# Y%[ ###?????????????? | | ???????????? #######???# % ###?????????????? | | ?????????? #######???# g ##?????????????? | | ??????????? ## ##??### ####????????????? | | ??????????? #??## ###????????????? | | ???????????## ????## ##????????????? | | ##????????### ??### # ## ##????????????? | | ####??????### ######## #### ##????????????? | | #####?????## ###### b/ ### ###????????????? | | ###?????## #### /l #########????????????? | | ##??##### @ ########?????????????? | | ##?###### ##???????????????????? | | ###?### ## ## ## ###???????????????????? | | ###### ## #######???????????????????? | | ###### ## ######????????????????????? | | ## ## ##????????????????????????? | | # ### ##????????????????????????? | | ## ### ##????????????????????????? | | ### ##########?####???????????????????? | | ### ###############???????????????????? | | ## ####??##### ##???????????????????? | | # ####### ##???????????????????? | | ### ###### ##???????????????????? | | #### #### ##???????????????????? | | ###### ### ##???????????????????? | | # ###### ##???????????????????? | | ## ###### ###??????????????????? | | ## ##### ### ###??????????????????? | | ## ### ### ##??????????????????? | | # !%*%% ## ###??????????????????? | | %! #### #####??????????????????? | | = ###### ####???????????????????? | | ## = ###### ####?????????????????????? | | #### #### ####?????????????????????? | | ##### #### ##???????????????????????? | +----------------------------------------------------+ Best States ------------- Heat Dissipation 28 Energy Generation 14 Energy Capacity 250 Matter Stores 300 Matter Capacity 300 Sight Range 16 Terrain Scan Range 14 Terrain Scan Density 10 Evasion (%) 55 Targeting Accuracy 6 Recoil Reduction 3 Item Schematics ----------------- Lgt. Nuclear Core | -9/Materials | Scanalyzed Mni. Grenade Launcher | -9/Materials | Scanalyzed Pulse Rifle | -9/Materials | Scanalyzed Slug Cannon | -7/Zion | Free Riot Gun | -7/Zion | Free Imp. Recalibrator | -7/Zion | Archive Mak. Spear | -7/Zion | Archive Thermal Shield | -7/Zion | Archive Mak. Kinetic Plating | -7/Zion | Archive Lgt. Fission Core | -7/Zion | Archive Mak. Hover Unit | -7/Zion | Archive Core Analyzer | -7/Zion | Archive Flexi-carbon Leg | -7/Zion | Archive Imp. Field Recycling Unit | -7/Zion | Archive Variable Charge Gun | -7/Zion | Archive Drone Bay | -7/Zion | Archive Imp. Melee Analysis Suite | -7/Zion | Archive Med. Treads | -7/Zion | Archive Magnetic Acceleration Cannon | -7/Zion | Archive Robot Schematics ------------------ G-47 Trooper | -7/Zion | Archive S-27 Virus | -7/Zion | Archive Fabricated ------------ Nothing Alien Tech Used ----------------- None Achievements -------------- First Step to Greatness Loot Pinata One Hack Too Far Part-time Mechanic Quick And Dirty Remodeling Risk Taker Robot Respite System Compromised The More The Merrier The One Tourist Uninvited Guest Challenges ------------ None Game ------ Seed TripodAuthchipScanner Manual? 0 Play Time 01:37:35 Cumulative 1.6 hours Start 2024.03.31 @ 09:22:49 End 2024.03.31 @ 12:55:39 Sessions 7 Manual Loads 0 Difficulty Rogue Special Mode None Game No. 1 Rogue 1 Adventurer 0 Explorer 0 Win Type - Total 0 Types 0/0/0/0/0/0/0/0/0 Lore% 3 Gallery% 3 Achievement% 5 Wizard Run 0 Options --------- Layout 0 ASCII 0 Keyboard 1 Movement Vi Keybinds 0 Fullscreen 1 Font 18/Terminus Map View 76x50 Zoom Use 0% Tactical HUD 1 Map Filters NONE Filters NONE Steam 1 RUN: c8a8b156-65ab-4920-8bae-4d48efca9144